 Dungeon Sprint DCSS version 0.27-a0-1217-g8a41f320e8 (webtiles) character file.

Game seed: 1692895716062459121

1221 mhtbhm the Basher (level 8, 0/72 HPs)
             Began as a Demonspawn Berserker on June 5, 2021.
             Was a High Priest of Trog.
             Slain by Erica
             ... wielding a +3 scimitar of flaming
              (5 damage)
             ... in the Dungeon (Sprint III: "The Ten Rune Challenge").
             The game lasted 00:02:15 (1093 turns).

mhtbhm the Basher (Demonspawn Berserker)            Turns: 1093, Time: 00:02:16

Health: 0/72       AC:  2    Str: 20    XL:     8   Next: 23%
Magic:  8/8        EV: 18    Int:  9    God:    Trog [*****.]
Gold:   33         SH:  0    Dex: 12    Spells: 7/7 levels left

rFire    . . .     SeeInvis .   a - +3 dire flail (vorpal)
rCold    . . .     Faith    .   (shield currently unavailable)
rNeg     . . .     Spirit   .   b - +0 animal skin
rPois    .         Reflect  .   (no helmet)
rElec    .         Harm     .   (no cloak)
rCorr    .         Rampage  .   (gloves unavailable)
Will     .....     NoTele   +   (no boots)
Stlth    +.........             (no amulet)
HPRegen  0.22/turn              i - +4 ring of evasion
MPRegen  0.11/turn              (no ring)

@: on berserk cooldown, slowed, very slow
A: claws 3, demonic guardian 1, icemail 1, condensation shield
a: Renounce Religion, Berserk, Trog's Hand, Brothers in Arms


You were in the Dungeon.
You worshipped Trog.
Trog was extremely pleased with you.
You visited 1 branch You collected 33 gold pieces.

Inventory:

Hand Weapons
 a - a +3 vorpal dire flail (weapon)
Armour
 b - a +0 animal skin (worn)
Jewellery
 i - a +4 ring of evasion (left claw)
Scrolls
 h - a scroll of blinking
 k - a scroll of holy word {unknown}
 l - 4 scrolls of identify
 n - 3 scrolls of torment {unknown}
Potions
 d - a potion of heal wounds
 e - a potion of haste
 f - 2 potions of magic
 g - a potion of berserk rage
 j - 3 potions of mutation {unknown}
 m - a potion of degeneration {unknown}
 o - a potion of flight {unknown}
 p - a potion of might
Miscellaneous
 q - a phantom mirror


   Skills:
 + Level 10.3 Fighting
 + Level 11.9 Maces & Flails
 + Level 4.3 Armour
 + Level 6.9 Dodging


You had 7 spell levels left.
You didn't know any spells.
Your spell library was empty.

Dungeon Overview and Level Annotations

Branches:
Dungeon (1/1)

Altars:
Cheibriados
Dithmenos
Elyvilon
Fedhas
Gozag
Hepliaklqana
Kikubaaqudgha
Makhleb
Nemelex Xobeh
Okawaru
Qazlal
Ru
Sif Muna
Trog
Uskayaw
Vehumet
Wu Jian
Xom
Yredelemnul
Zin
The Shining One
Beogh
Jiyva
Lugonu

Annotations:
D Erica


Innate Abilities, Weirdness & Mutations

You have claws for hands.
A weak demonic guardian rushes to your aid.
A meltable icy envelope protects you from harm. (AC +0)
A meltable shield of frost defends you. (SH +0)


Message History

Erica misses you. Erica completely misses you.
Unknown command.
You hit Erica.
Erica is heavily wounded.
Erica hits you with a +3 scimitar of flaming!
Erica burns you.
You barely miss Erica.
Erica is heavily wounded.
Erica completely misses you.
Unknown command.
You hit Erica.
Erica is heavily wounded.
Erica hits you with a +3 scimitar of flaming!
* * * LOW HITPOINT WARNING * * *
A demonic guardian appears!
Erica burns you!
* * * LOW HITPOINT WARNING * * *
You hit Erica.
Erica is severely wounded.
Erica gestures at you while chanting.
You are confused.
Unknown command.
You feel better. Erica misses you.
Your iron imp hits Erica!
Unknown command.
You feel much better. Erica casts a spell at you.
You feel as though you will be slow longer.
Your iron imp hits Erica!
Erica closely misses your iron imp.
Unknown command.
You hit Erica.
Erica is almost dead.
Erica hits you with a +3 scimitar of flaming!
Erica burns you.
* * * LOW HITPOINT WARNING * * *
Your iron imp barely misses Erica.
You closely miss Erica.
Erica is almost dead.
Erica hits you with a +3 scimitar of flaming!
* * * LOW HITPOINT WARNING * * *
Erica burns you.
You die...

##.############
##..#___#___#__#
.#..#.).#__)#._#
.#..###'#'###'##
'#..#..........#
#...'.⌠........#
#...#...######'#
....#.⌠.#__#..)#+#####
....#...#__#...#@@§≈≈+
....#)###__#...#5#§≈≈#
....#.::#__#...§.#§§§#
....#___#__'...#.#§§§#
▓▓▓▓▓▓▓▓▓▓▓▓▓▓▓▓▓▓▓▓▓▓


You could see Erica (ally target) and a friendly iron imp (summoned).

Vanquished Creatures
  A deep elf pyromancer (D)
  A shadow (D)
  A spatial vortex (D)
  A necrophage (D)
  A water elemental (D)
  A jelly (D)
  A wizard (D)
  A necromancer (D)
  3 humans (D)
  A kobold demonologist (D)
  A wolf (D)
  2 endoplasms (D)
  2 rats (D)
17 creatures vanquished.

Vanquished Creatures (others)
  5 plants (D)
5 creatures vanquished.

Grand Total: 22 creatures vanquished

Notes
Turn   | Place    | Note
-------+----------+-------------------------------------------
     0 | D        | mhtbhm the Demonspawn Berserker began the quest for the
                  | Orb.
     0 | D        | Reached XP level 1. HP: 18/18 MP: 1/1
    11 | D        | Reached skill level 3 in Maces & Flails
    36 | D        | Reached ** piety under Trog
   129 | D        | Reached skill level 4 in Maces & Flails
   129 | D        | Gained mutation: A meltable shield of frost defends you.
                  | (SH +0) [demonic ancestry]
   129 | D        | Reached XP level 2. HP: 26/26 MP: 2/2
   253 | D        | Gained mutation: A weak demonic guardian rushes to your
                  | aid. [demonic ancestry]
   253 | D        | Reached XP level 3. HP: 14/32 MP: 3/3
   518 | D        | Noticed a water elemental
   526 | D        | Killed a water elemental
   526 | D        | Reached *** piety under Trog
   527 | D        | Reached skill level 5 in Fighting
   527 | D        | Reached skill level 5 in Maces & Flails
   527 | D        | Gained mutation: You have sharp fingernails. [demonic
                  | ancestry]
   527 | D        | Reached XP level 4. HP: 40/40 MP: 4/4
   585 | D        | Found a radiant altar of Vehumet.
   585 | D        | Found a shimmering blue altar of Sif Muna.
   585 | D        | Found an ancient bone altar of Kikubaaqudgha.
   585 | D        | Noticed a wizard
   587 | D        | Killed a wizard
   588 | D        | Reached skill level 6 in Maces & Flails
   590 | D        | Reached **** piety under Trog
   627 | D        | Noticed a deep elf pyromancer
   639 | D        | Killed a deep elf pyromancer
   640 | D        | Reached skill level 10 in Maces & Flails
   640 | D        | Reached skill level 5 in Dodging
   640 | D        | Gained mutation: You have very sharp fingernails. [demonic
                  | ancestry]
   640 | D        | Reached XP level 5. HP: 51/51 MP: 5/5
   640 | D        | Gained mutation: A meltable icy envelope protects you from
                  | harm. (AC +0) [demonic ancestry]
   640 | D        | Reached XP level 6. HP: 57/57 MP: 6/6
   640 | D        | Gained mutation: You have claws for hands. [demonic
                  | ancestry]
   640 | D        | Reached XP level 7. HP: 63/63 MP: 7/7
   774 | D        | Found a hide-covered altar of Uskayaw.
   774 | D        | Found an iron altar of Okawaru.
   774 | D        | Found a bloodstained altar of Trog.
   774 | D        | Found an ornate altar of the Wu Jian Council.
   774 | D        | Noticed a human
   774 | D        | Noticed a human
   784 | D        | Killed a human
   797 | D        | Killed a human
   798 | D        | Reached skill level 11 in Maces & Flails
   858 | D        | Found a basalt altar of Yredelemnul.
   858 | D        | Found a shadowy altar of Dithmenos.
   858 | D        | Found a sacrificial altar of Ru.
   866 | D        | Reached ***** piety under Trog
   924 | D        | Noticed a shadow
   932 | D        | Killed a shadow
   932 | D        | Received a gift from Trog
   933 | D        | Reached skill level 10 in Fighting
   933 | D        | Reached XP level 8. HP: 72/72 MP: 8/8
   996 | D        | Found a blossoming altar of Fedhas.
   996 | D        | Found a stormy altar of Qazlal.
   996 | D        | Found a snail-covered altar of Cheibriados.
   996 | D        | Found a burning altar of Makhleb.
   996 | D        | Found a shimmering altar of Xom.
   997 | D        | Found a hazy altar of Hepliaklqana.
   997 | D        | Found an opulent altar of Gozag.
   997 | D        | Found a sparkling altar of Nemelex Xobeh.
   997 | D        | Found a corrupted altar of Lugonu.
   997 | D        | Found a viscous altar of Jiyva.
  1070 | D        | Noticed Erica
  1093 | D        | Slain by Erica

Illustrated notes

Levels and vault maps discovered:
D:        dungeon_sprint_mu [sprint_mu_entry_cave, sprint_mu_temple_rooms,
          sprint_mu_d1_horrors, sprint_mu_d2_genie, sprint_mu_d3_branching,
          sprint_mu_orc_legion, sprint_mu_elf_gauntlet, sprint_mu_hive_nellie,
          sprint_mu_lair_fedhas, sprint_mu_vaults_butterflies,
          sprint_mu_slime_circle, sprint_mu_swamp_cave, sprint_mu_snake_twists,
          sprint_mu_blade_basic, sprint_mu_crypt_lich, sprint_mu_tomb_spiral,
          sprint_mu_vestibule_basic, sprint_mu_gehenna_hellfire,
          sprint_mu_dis_giant, sprint_mu_tartarus_statrot,
          sprint_mu_cocytus_islands, sprint_mu_zot1]

Skill      XL: |  1  2  3  4  5  6  7 |
---------------+----------------------+-----
Maces & Flails | 4 5 10 11 | 11.9
Armour         | 2 3 4 |  4.3
Fighting       | 4 5 8 10 | 10.3
Dodging        | 2 3 5 6 |  6.9

Action                   |  1- 3 |  4- 6 |  7- 9 || total
-------------------------+-------+-------+-------++-------
Melee: Mace              |    33 |    13 |    34 ||    80
       Dire flail        |       |       |    12 ||    12
Invok: Berserk           |     3 |     2 |     5 ||    10
  Use: Potion            |       |       |     2 ||     2
Armor: Animal skin       |     3 |       |     4 ||     7
Dodge: Dodged            |    24 |     4 |    23 ||    51
Block: Other             |       |     2 |     1 ||     3

Table legend: (Time is in decaauts)
 A = Elapsed time spent in this place.
 B = Non-inter-level travel time spent in this place.
 C = Inter-level travel time spent in this place.
 D = Time resting spent in this place.
 E = Time spent auto-exploring this place.
 F = Levels seen in this place.
 G = Mean time per level.
                   A        B        C        D        E       F      G
               +--------+--------+--------+--------+--------+-----+--------+
         Total |   1183 |   1183 |      0 |    924 |     13 |   1 | 1183.0 |
       Dungeon |   1183 |   1183 |      0 |    924 |     13 |   1 | 1183.0 |
               +--------+--------+--------+--------+--------+-----+--------+

Top non-repeatable levels by time:
       D: 1183 daAuts
